 Dungeon Crawl Stone Soup version 0.19-a0-831-gce7da8b (webtiles) character file.

188 Gruud the Slasher (level 5, 0/38 HPs)
             Began as a Demonspawn Gladiator on June 30, 2016.
             Hit by a tomahawk thrown by an orc (1 damage)
             ... on level 3 of the Dungeon.
             The game lasted 00:04:21 (2486 turns).

Gruud the Slasher (Demonspawn Gladiator)            Turns: 2486, Time: 00:04:22

Health: 0/38       AC:  8    Str: 16    XL:     5   Next: 39%
Magic:  5/5        EV: 17    Int: 10    God:
Gold:   146        SH:  4    Dex: 18    Spells: 0 memorised, 4 levels left

rFire  . . .     SeeInvis .     a - +0 long sword
rCold  . . .     Gourm    .     g - +0 ring mail
rNeg   . . .     Faith    .     (no shield)
rPois  .         Spirit   .     c - +0 helmet
rElec  .         Dismiss  .     (no cloak)
rCorr  .         Reflect  +     (no gloves)
SustAt .         Harm     .     (no boots)
MR     .....                    s - +2 amulet of reflection
Stlth  ++........               (no ring)
                                (no ring)

@: agile, not resistant to hostile enchantments, unstealthy
A: hooves 1, large bone plates 1, powered by pain 2
a: no special abilities


You were on level 3 of the Dungeon.
You were not hungry.

You visited 1 branch of the dungeon, and saw 3 of its levels.

You collected 146 gold pieces.

Inventory:

Hand Weapons
 a - a +0 long sword (weapon)
 b - a +0 dagger of freezing
Missiles
 d - 3 throwing nets (quivered)
Armour
 c - a +0 helmet (worn)
 g - a +0 ring mail (worn)
 i - a +0 scale mail
 q - a +0 leather armour
Jewellery
 s - a +2 amulet of reflection (around neck)
Scrolls
 h - a scroll of identify
 j - a scroll of teleportation {unknown}
 m - a scroll of immolation {unknown}
 n - a scroll of fog {unknown}
 o - a scroll of remove curse
 t - a scroll of magic mapping {unknown}
Potions
 e - 2 potions of curing
 k - a potion of flight {unknown}
 p - a potion of agility {unknown}
Comestibles
 f - a bread ration
 l - a slice of pizza
 r - 15 chunks of flesh


   Skills:
 - Level 2.0 Fighting
 * Level 5.0 Long Blades
 - Level 1.7 Throwing
 + Level 0.8 Armour
 + Level 3.4 Dodging


You had 4 spell levels left.
You didn't know any spells.

Dungeon Overview and Level Annotations

Branches:
Dungeon (3/15)

Altars:
Cheibriados
Gozag
Hepliaklqana
Kikubaaqudgha


Innate Abilities, Weirdness & Mutations

You have large cloven feet.
You are partially covered in large bone plates. (AC +2, SH +2)
You sometimes gain power by taking damage.


Message History

* * * LOW HITPOINT WARNING * * *
You barely miss the orc priest. The orc hits you but does no damage.
The orc priest closely misses you. Something barely misses you.
Unknown command.
You barely miss the orc priest.
You kick the orc priest, but do no damage.
The orc priest hits you but does no damage.
The orc hits you.
* * * LOW HITPOINT WARNING * * *
Something hits you but does no damage.
Unknown command.
You closely miss the orc priest. The orc hits you but does no damage.
The orc priest invokes the aid of Beogh against you.
Beogh smites you!
* * * LOW HITPOINT WARNING * * *
You focus on the pain.
You feel agile all of a sudden. The orc barely misses you.
Something hits you but does no damage.
The orc throws a tomahawk.
The tomahawk hits you.
You die...

#.. #.#### #.... # #...
#. ###.# #####.###
#...## ##.
#.......###...o##..%..
# #.# #........_@.o...#
###.######..##..oo###.#
.##.##......###...#
..#.........###.###
..'....†........#
..####..........# .##
#...#####..# ## #..##
#.## # #... #


You could see an orc priest and 3 orcs.

Vanquished Creatures
  An orc wizard (D:3)
  9 adders
  An ooze (D:1)
  4 worms
  2 giant geckos (D:2)
  4 orcs (D:3)
  6 bats
  A giant cockroach (D:1)
  4 hobgoblins
  7 jackals (D:2)
  7 kobolds
  A ball python (D:2)
  8 giant newts
  6 goblins
  6 rats
67 creatures vanquished.

Notes
Turn   | Place    | Note
--------------------------------------------------------------
     0 | D:1      | Gruud the Demonspawn Gladiator began the quest for the Orb.
     0 | D:1      | Reached XP level 1. HP: 16/16 MP: 1/1
   477 | D:1      | Reached skill level 3 in Long Blades
   577 | D:1      | Gained mutation: You have large cloven feet. [demonic ancestry]
   577 | D:1      | Reached XP level 2. HP: 22/22 MP: 2/2
  1268 | D:2      | Gained mutation: You sometimes gain a little power by taking damage. [demonic ancestry]
  1268 | D:2      | Reached XP level 3. HP: 17/27 MP: 3/3
  1299 | D:2      | Found a hazy altar of Hepliaklqana.
  1395 | D:2      | Reached skill level 4 in Long Blades
  1678 | D:2      | Gained mutation: You are partially covered in large bone plates. (AC +2, SH +2) [demonic ancestry]
  1678 | D:2      | Reached XP level 4. HP: 25/33 MP: 4/4
  1915 | D:2      | Found a snail-covered altar of Cheibriados.
  2198 | D:3      | Found an opulent altar of Gozag.
  2229 | D:3      | Gained mutation: You sometimes gain power by taking damage. [demonic ancestry]
  2229 | D:3      | Reached XP level 5. HP: 38/38 MP: 5/5
  2464 | D:3      | Reached skill level 5 in Long Blades
  2468 | D:3      | Found an ancient bone altar of Kikubaaqudgha.
  2486 | D:3      | HP: 1/38 [orc priest/divine providence (7)]
  2486 | D:3      | Hit by a tomahawk thrown by an orc

Vault maps used:
D:1:      saegor_arrival_simple_c, minmay_octomino_j4
D:2:      cheibriados_altar_1, overflow_temple_1_default,
          small_statue_intersection, minmay_misc_feat_columns, minmay_quantized
D:3:      led_sif_pool, nicolae_overflow_crystal_walls,
          nicolae_gozag_seed_capital

Skill      XL: |  1  2  3  4  5 |
---------------+----------------+-----
Long Blades    | 3 4 5 |  5.0
Dodging        | 3 |  3.4
Fighting       | |  2.0
Throwing       | |  1.7
Armour         | |  0.8

Action                   |  1- 3 |  4- 6 || total
-------------------------+-------+-------++-------
Melee: Long sword        |   127 |   131 ||   258
       Kick              |    17 |    33 ||    50
  Use: Scroll            |       |     2 ||     2
 Stab: Sleeping          |     1 |       ||     1
  Eat: Chunk             |     2 |     3 ||     5
Armor: Leather armour    |    20 |       ||    20
       Scale mail        |    12 |       ||    12
       Ring mail         |    17 |    35 ||    52
Dodge: Dodged            |    66 |    65 ||   131
Block: Other             |       |     8 ||     8
